 Dungeon Crawl Stone Soup version 0.21-a0-536-gdbbf329 (webtiles) character file.

226 slep the Chopper (level 5, -7/39 HPs)
             Began as a Demonspawn Gladiator on Dec 15, 2017.
             Mangled by a hornet zombie (10 damage)
             ... on level 5 of the Dungeon.
             The game lasted 00:05:46 (1037 turns).

slep the Chopper (Demonspawn Gladiator)             Turns: 1037, Time: 00:05:46

Health: -7/39      AC:  5    Str: 15    XL:     5   Next: 69%
Magic:  5/5        EV: 13    Int:  9    God:
Gold:   58         SH:  4    Dex: 19    Spells: 4/4 levels left

rFire    . . .     SeeInvis .   a - +0 war axe
rCold    . . .     Gourm    .   (no shield)
rNeg     . . .     Faith    .   n - +0 ring mail
rPois    .         Spirit   .   (helmet restricted)
rElec    .         Reflect  .   (no cloak)
rCorr    .         Harm     .   (no gloves)
MR       .....     Rnd*Rage +   (no boots)
Stlth    +.........             (no amulet)
HPRegen  0.13/turn              (no ring)
MPRegen  0.09/turn              (no ring)

@: no status effects
A: antennae 1, hooves 1, large bone plates 1, agile 2, berserk 1, spiny 1
a: no special abilities


You were on level 5 of the Dungeon.
You were not hungry.

You visited 2 branches of the dungeon, and saw 6 of its levels.

You collected 58 gold pieces.

Inventory:

Hand Weapons
 a - a +0 war axe (weapon)
Missiles
 d - 3 throwing nets (quivered)
Armour
 b - a +0 leather armour
 c - a +0 helmet
 n - a +0 ring mail (worn)
Scrolls
 e - a scroll of identify {unknown}
 g - 2 scrolls of magic mapping {unknown}
 h - a scroll of remove curse {unknown}
 k - 2 scrolls of fog {unknown}
Potions
 j - a potion of mutation {unknown}
 m - a potion of flight {unknown}
 q - a potion of agility {unknown}
Books
 r - a book of Air

   Spells                             Type                      Level
   a - Shock                          Conjuration/Air              1
   b - Swiftness                      Charms/Air                   2
   c - Static Discharge               Conjuration/Air              3
   d - Airstrike                      Air                          4
   e - Lightning Bolt                 Conjuration/Air              5
Comestibles
 f - a bread ration
 i - 2 royal jellies
 l - a meat ration
 o - a chunk of flesh


   Skills:
 + Level 2.6 Fighting
 + Level 4.6 Axes
 + Level 1.8 Throwing
 + Level 1.2 Armour
 + Level 3.7 Dodging
 + Level 0.3 Stealth
   Level 0.1 Evocations


You had 4 spell levels left.
You didn't know any spells.

Dungeon Overview and Level Annotations

Branches:
Dungeon (5/15)             Temple (1/1) D:5

Altars:
Ashenzari
Cheibriados
Dithmenos
Elyvilon
Fedhas
Gozag
Hepliaklqana
Kikubaaqudgha
Makhleb
Nemelex Xobeh
Qazlal
Ru
Sif Muna
Trog
Uskayaw
Vehumet
Wu Jian
Xom
Yredelemnul
Zin
The Shining One


Innate Abilities, Weirdness & Mutations

You have a pair of small antennae on your head.
You are partially covered in large bone plates. (SH +4)
You are partially covered in sharp spines.
You have large cloven feet.
You are very agile. (Dex +4)
You tend to lose your temper in combat.


Message History

The hornet zombie closely misses you.
The hornet zombie hits you but does no damage.
Found a bread ration.
You slash the hornet zombie!
You kick the hornet zombie, but do no damage.
The hornet zombie is lightly damaged.
You block the hornet zombie's attack. The hornet zombie hits you.
* * * LOW HITPOINT WARNING * * *
Evoke which item? (* to show all) (? for menu, Esc to quit)
Aiming: Paralyse
Press: ? - help, Shift-Dir - straight line, f - hornet zombie
Aim: a hornet zombie (lightly damaged, chance to defeat MR: 56%)
The hornet zombie resists with significant effort.
The now-empty wand crumbles to dust.
The hornet zombie hits you!
* * * LOW HITPOINT WARNING * * *
You stop training Evocations.
You slash the hornet zombie! You kick the hornet zombie.
The hornet zombie is heavily damaged.
The hornet zombie hits you!
You die...

#...# #..§≈§...### #'#
#.≈≈§≈≈..... #.#
#.###≈≈≈≈≈≈≈.### #.#
#....≈§≈>≈§≈## ##5##
####≈≈≈≈≈§≈#
##...##########..≈≈§≈≈.#
#.....##..........≈≈§..#
##...###.######..###.###
#######.....lZ@.# #......#
........####5##...)..#####
#######.# #...%....## #.#
########## #.# #.. #.# #.#
#.#


You could see a crimson imp, a hornet zombie and a leopard gecko.

Vanquished Creatures
  A sky beast (D:5)
  A hound (D:3)
  Jessica (D:2)
  Ijyb (D:3)
  2 adders (D:3)
  A dart slug (D:2)
  2 giant cockroaches
  4 goblins
  A hobgoblin (D:2)
  4 jackals (D:4)
  3 kobolds
  3 quokkas
  A ball python (D:1)
  3 bats (D:1)
  A frilled lizard (D:1)
  A rat (D:2)
30 creatures vanquished.

Notes
Turn   | Place    | Note
-------+----------+-------------------------------------------
     0 | D:1      | slep the Demonspawn Gladiator began the quest for the Orb.
     0 | D:1      | Reached XP level 1. HP: 16/16 MP: 1/1
   213 | D:1      | Reached skill level 3 in Axes
   299 | D:2      | Gained mutation: You are partially covered in large bone plates. (SH +4) [demonic ancestry]
   299 | D:2      | Reached XP level 2. HP: 17/22 MP: 2/2
   321 | D:2      | Noticed Jessica
   332 | D:2      | Killed Jessica
   332 | D:2      | Gained mutation: You are partially covered in sharp spines. [demonic ancestry]
   332 | D:2      | Reached XP level 3. HP: 24/27 MP: 3/3
   356 | D:3      | Gained mutation: You have a pair of small antennae on your head. [demonic ancestry]
   356 | D:3      | Reached XP level 4. HP: 9/33 MP: 4/4
   679 | D:3      | Noticed Ijyb
   682 | D:3      | Paralysed by Ijyb for 6 turns
   690 | D:3      | Paralysed by Ijyb for 6 turns
   701 | D:3      | Paralysed by Ijyb for 7 turns
   710 | D:3      | Paralysed by Ijyb for 2 turns
   716 | D:3      | Killed Ijyb
   716 | D:3      | Reached skill level 4 in Axes
   808 | D:5      | Entered Level 5 of the Dungeon
   866 | D:5      | Found a staircase to the Ecumenical Temple.
   874 | Temple   | Entered the Ecumenical Temple
   959 | D:5      | Noticed a sky beast
   971 | D:5      | Killed a sky beast
   971 | D:5      | Reached skill level 1 in Armour
   971 | D:5      | Reached XP level 5. HP: 5/39 MP: 5/5
   987 | D:5      | Gained mutation: You are agile. (Dex +2) [mutagenic meat]
   988 | D:5      | Gained mutation: You tend to lose your temper in combat. [mutagenic meat]
   989 | D:5      | Gained mutation: You are very agile. (Dex +4) [mutagenic meat]
   990 | D:5      | Gained mutation: You have large cloven feet. [mutagenic meat]
  1037 | D:5      | Mangled by a hornet zombie

Vault maps used:
D:1:      giann_horns, st_stairs_4
D:2:      chequers_ecumenical_altar_simple_redux, uniq_jessica
D:3:      minivault_4, uniq_ijyb
D:4:      first_bread
D:5:      minmay_temple_entry_mist
Temple:   grunt_wide_crystal_templ

Skill      XL: |  1  2  3  4 |
---------------+-------------+-----
Axes           | 3 4 |  4.6
Dodging        | 3 |  3.7
Armour         | 1 |  1.2
Fighting       | |  2.6
Throwing       | |  1.8
Stealth        | |  0.3
Evocations     | |  0.1

Action                   |  1- 3 |  4- 6 || total
-------------------------+-------+-------++-------
Melee: War axe           |    46 |    55 ||   101
       Kick              |       |     2 ||     2
Evoke: Wand              |       |     3 ||     3
  Eat: Chunk             |       |     6 ||     6
Armor: Leather armour    |    19 |       ||    19
       Ring mail         |       |    18 ||    18
Dodge: Dodged            |    45 |    24 ||    69
Block: Other             |     1 |     9 ||    10

Table legend:
 A = Spawn XP
 B = Non-spawn XP
 C = Spawn XP percentage of total XP
 D = Spawn monster count
 E = Non-spawn monster count
 F = Spawn count percentage of total count
 G = Total turns spent on level
                    A         B        C        D         E        F      G
               +---------+---------+-------+---------+---------+-------+---------
         Total |       0 |     323 |   0.0 |       0 |      30 |   0.0 |  1037
               +---------+---------+-------+---------+---------+-------+---------
           D:1 |       0 |      10 |   0.0 |       0 |       7 |   0.0 |   218
           D:2 |       0 |      48 |   0.0 |       0 |       6 |   0.0 |   122
           D:3 |       0 |     116 |   0.0 |       0 |       8 |   0.0 |   411
           D:4 |       0 |      14 |   0.0 |       0 |       7 |   0.0 |    57
           D:5 |       0 |     135 |   0.0 |       0 |       2 |   0.0 |   145
               +---------+---------+-------+---------+---------+-------+---------
